 Dungeon Crawl Stone Soup version 0.29.1-15-g9cfb28693d (webtiles) character file.

Game seed: 7509349083601375704

330 Cheops the Slasher (level 6, -12/66 HPs)
             Began as a Demonspawn Gladiator on Apr 10, 2023.
             Killed by divine providence
             ... invoked by an orc priest
              (16 damage)
             ... on level 4 of the Dungeon.
             The game lasted 00:15:20 (5146 turns).

Cheops the Slasher (Demonspawn Gladiator)           Turns: 5146, Time: 00:15:20

Health: -12/66     AC: 23    Str: 14    XL:     6   Next: 26%
Magic:  6/6        EV:  2    Int: 10    God:
Gold:   142        SH:  0    Dex: 16    Spells: 5/5 levels left

rFire   + . .      SeeInvis .   a - +1 long sword
rCold   + . .      Faith    .   (no shield)
rNeg    . . .      Spirit   .   (body armour currently unavailable)
rPois   +          Reflect  .   (helmet currently unavailable)
rElec   +          Harm     .   (cloak currently unavailable)
rCorr   +          Rampage  .   (gloves currently unavailable)
Will    .....      NoTele   +   (boots currently unavailable)
Stlth   +.........              (no amulet)
HPRegen 0.21/turn               (no ring)
MPRegen 0.10/turn               (no ring)

@: tree-form, resistant
A: stationary, stasis, torment immunity, boosted hp, demonic magic 2
a: no special abilities


You were on level 4 of the Dungeon.
You were a tree.
You visited 1 branch of the dungeon, and saw 4 of its levels.

You collected 142 gold pieces.

Inventory:

Hand Weapons
 a - a +1 long sword (weapon)
Missiles
 d - 3 throwing nets (quivered)
 e - 3 javelins
 f - 3 boomerangs
Armour
 b - a +1 leather armour (melded)
 c - a +0 helmet (melded)
 m - a scarf of repulsion (melded)
Wands
 o - a wand of iceblast (2)
Scrolls
 j - a scroll of butterflies
Potions
 n - a potion of lignification
 p - a potion of resistance
 q - 2 potions of haste {unknown}
 s - a potion of flight {unknown}
 u - a potion of brilliance {unknown}
 v - a potion of heal wounds {unknown}
 w - a potion of mutation {unknown}
 x - a potion of ambrosia {unknown}


   Skills:
 - Level 2.0 Fighting
 + Level 6.5 Long Blades
 - Level 1.7 Throwing
 - Level 2.6 Dodging


You had 5 spell levels left.
You didn't know any spells.
Your spell library contained the following spells:

 Spells                   Type           Power      Damage    Failure   Level
 Blink                    Tloc           0%         N/A       50%         2
 Manifold Assault         Tloc           0%         N/A       100%        5
 Storm Form               Tmut/Air       0%         N/A       100%        7


Dungeon Overview and Level Annotations

Branches:
Dungeon (4/15)
 Temple: D:4-7

Altars:
Ashenzari
Cheibriados
Kikubaaqudgha
Xom

Annotations:
D:3 2 transporters, Zanecoolhand's ghost, weakling DrIE
D:4 Eustachio


Innate Abilities, Weirdness & Mutations

You are a tree.
Your roots penetrate the ground, keeping you stationary.
You cannot be teleported.
You are immune to unholy pain and torment.
Your maximum health is greatly increased.
Your equipment is partially melded.
Spells you cast may paralyse nearby enemies.


Message History

An orc and an orc priest come into view.
The orc shouts!
The orc priest shouts!
The orc priest invokes the aid of Beogh against you.
Pain shoots through your body! The orc closely misses you.
You hit the orc but do no damage. The orc hits you with a +0 short sword.
The orc priest invokes the aid of Beogh against you.
Beogh smites you!
* * * LOW HITPOINT WARNING * * *
You barely miss the orc priest.
The orc priest looks encouraged for a moment.
The orc barely misses you.
You barely miss the orc priest. The orc priest barely misses you.
The orc barely misses you. The orc hits you but does no damage.
The orc priest mumbles some strange prayers to Beogh against you.
Beogh smites you!
* * * LOW HITPOINT WARNING * * *
You hit the orc priest.
The orc priest is lightly wounded.
The orc priest closely misses you. The orc hits you but does no damage.
It was a potion of resistance.
You feel protected.
The orc priest hits you with a +0 flail.
* * * LOW HITPOINT WARNING * * *
The orc hits you with a +0 short sword.
* * * LOW HITPOINT WARNING * * *
It was a potion of lignification.
You turn into a tree.
Your scarf of repulsion melds into your body.
Your +0 helmet melds into your body.
Your +1 leather armour melds into your body.
The haze of the repulsion field disappears.
Your roots penetrate the ground.
The orc hits you but does no damage.
The orc priest begins to cast a cantrip, but forgets the words!
You slash the orc priest!
The orc priest is almost dead.
The orc hits you with a +0 short sword.
* * * LOW HITPOINT WARNING * * *
The orc priest calls down the wrath of Beogh upon you.
Beogh smites you!
You die...

.....# #.....#..##.#
#.#
.........#####.###.#
#.# .......## #.#
#.# ....... #.# #.#
....... #)# #......
#.# ##..... # ###.#
##...# #.#...#
#..♣### #....#oo#
#.......# #.>....##.
.$....# ## .....#
##.#. ..#


You could see an orc priest and an orc.

Vanquished Creatures
  A bullfrog (D:4)
  Natasha (thrice) (D:3)
  Terence (D:2)
  3 adders
  4 gnolls (D:4)
  2 worms (D:2)
  A dart slug (D:2)
  11 orcs
  6 ball pythons
  4 endoplasms
  8 goblins
  5 hobgoblins
  11 jackals
  7 kobolds
  3 quokkas
  5 bats
  4 frilled lizards
  6 rats
85 creatures vanquished.

Vanquished Creatures (others)
  20 fungi (D:1)
20 creatures vanquished.

Grand Total: 105 creatures vanquished

Notes
Turn   | Place    | Note
-------+----------+-------------------------------------------
     0 | D:1      | Cheops the Demonspawn Gladiator began the quest for the
                  | Orb.
     0 | D:1      | Reached XP level 1. HP: 16/16 MP: 1/1
   217 | D:1      | Reached skill level 3 in Long Blades
   261 | D:1      | Gained mutation: Spells you cast may paralyse adjacent
                  | enemies. [demonic ancestry]
   261 | D:1      | Reached XP level 2. HP: 18/22 MP: 2/2
  1062 | D:2      | Reached XP level 3. HP: 21/27 MP: 3/3
  1258 | D:2      | Reached skill level 4 in Long Blades
  1337 | D:2      | Found a faded altar of an unknown god.
  1678 | D:2      | Found a snail-covered altar of Cheibriados.
  1734 | D:2      | Noticed Terence
  2158 | D:2      | Gained mutation: Spells you cast may paralyse nearby
                  | enemies. [demonic ancestry]
  2158 | D:2      | Reached XP level 4. HP: 33/33 MP: 4/4
  2712 | D:3      | Noticed Natasha
  2715 | D:3      | Killed Natasha
  2859 | D:3      | Reached skill level 5 in Long Blades
  3023 | D:3      | Found a transporter.
  3026 | D:3      | Noticed Zanecoolhand's ghost (weakling DrIE)
  3027 | D:3      | Found a transporter.
  3284 | D:2      | Killed Terence
  3285 | D:2      | Reached XP level 5. HP: 31/38 MP: 5/5
  3574 | D:3      | Noticed Natasha
  3578 | D:3      | Killed Natasha
  3871 | D:3      | Noticed Natasha
  3880 | D:3      | Killed Natasha
  3881 | D:3      | Reached skill level 6 in Long Blades
  4104 | D:3      | Found a transporter.
  4108 | D:3      | Found a transporter.
  4326 | D:4      | Found a shimmering altar of Xom.
  4326 | D:4      | Noticed Eustachio
  4470 | D:4      | Reached XP level 6. HP: 17/44 MP: 6/6
  4965 | D:4      | Found a broken altar of Ashenzari.
  4968 | D:4      | Found a snail-covered altar of Cheibriados.
  4968 | D:4      | Found an ancient bone altar of Kikubaaqudgha.
  5146 | D:4      | Killed from afar by an orc priest

Illustrated notes

Levels and vault maps discovered:
D:1:      scummos_arrival_checkerplants, layout_loops_ring
D:2:      layout_rooms, basic_altar, ebering_ecumenical_altar_webs,
          minmay_misc_feat_chi, uniq_terence
D:3:      layout_basic, gammafunk_ghost_mausoleum, uniq_natasha
D:4:      minmay_bubble_buster, layout_rooms, grunt_temple_overflow_open,
          general_overflow_altar, minmay_temple_entry_steel_oval, uniq_eustachio

Skill      XL: |  1  2  3  4  5 |
---------------+----------------+-----
Long Blades    | 3 4 5 6 |  6.5
Fighting       | |  2.0
Throwing       | |  1.7
Dodging        | |  2.6

Action                   |  1- 3 |  4- 6 || total
-------------------------+-------+-------++-------
Melee: Long sword        |   162 |   127 ||   289
       Punch             |     5 |     1 ||     6
Evoke: Wand              |       |     6 ||     6
  Use: Scroll            |       |     9 ||     9
       Potion            |       |     2 ||     2
 Stab: Sleeping          |       |     2 ||     2
Armor: Leather armour    |    59 |    39 ||    98
       Skin              |       |     1 ||     1
Dodge: Dodged            |   112 |    88 ||   200
       Repelled          |       |     1 ||     1
